 Dungeon Crawl Stone Soup version 0.27.0-1-g7a089689b8 (webtiles) character file.

Game seed: 3468093006729513873

80 Smaepdii the Ruffian (level 4, -6/36 HPs)
             Began as a Draconian Transmuter on Aug 11, 2021.
             Mangled by Sigmund (8 damage)
             ... on level 2 of the Dungeon.
             The game lasted 00:04:01 (1530 turns).

Smaepdii the Ruffian (Draconian Transmuter)         Turns: 1530, Time: 00:04:02

Health: -6/36      AC:  5    Str: 13    XL:     4   Next: 18%
Magic:  7/7        EV: 12    Int: 13    God:
Gold:   64         SH:  0    Dex: 12    Spells: 6/7 levels left

rFire    . . .     SeeInvis .     - Unarmed
rCold    . . .     Faith    .   (no shield)
rNeg     . . .     Spirit   .   (armour unavailable)
rPois    .         Reflect  .   (helmet restricted)
rElec    .         Harm     .   (no cloak)
rCorr    .         Rampage  .   (no gloves)
Will     .....                  (no boots)
Stlth    +.........             (no amulet)
HPRegen  0.12/turn              (no ring)
MPRegen  0.10/turn              (no ring)

@: confused
A: AC +5, unfitting armour, cold-blooded
a: no special abilities


You were on level 2 of the Dungeon.
You visited 1 branch of the dungeon, and saw 2 of its levels.

You collected 64 gold pieces.

Inventory:

Wands
 c - a wand of flame (23)
Scrolls
 a - 3 scrolls of identify {unknown}
 b - a scroll of fog {unknown}
Potions
 d - a potion of brilliance {unknown}
 e - a potion of lignification {unknown}


   Skills:
 + Level 2.2 Fighting
 + Level 2.3 Dodging
 * Level 3.9 Unarmed Combat
 - Level 2.0 Spellcasting
 + Level 2.6 Transmutations


You had 6 spell levels left.
You knew the following spells:

 Your Spells              Type           Power      Damage    Failure   Level
a - Beastly Appendage     Tmut           16%        N/A       9%          1

Your spell library contained the following spells:

 Spells                   Type           Power      Damage    Failure   Level
 Wereblood                Tmut           8%         N/A       13%         2
 Spider Form              Tmut/Pois      2%         N/A       41%         3
 Ice Form                 Ice/Tmut       4%         N/A       83%         4


Dungeon Overview and Level Annotations

Branches:
Dungeon (2/15)

Altars:

Annotations:
D:2 Sigmund


Innate Abilities, Weirdness & Mutations

Your plain brown scales are hard. (AC +5)
You cannot fit into any form of body armour.
You are cold-blooded and may be slowed by cold attacks.


Message History

HP restored.
Sigmund the Dreaded comes into view.
He is wielding a +0 scythe.
You see here a viscous ruby potion.
Found a stone staircase leading up.
You see here a viscous ruby potion.
e - a viscous ruby potion Sigmund shouts!
Casting: Beastly Appendage (safe; 9% risk of failure)
Press: ? - help, Q - select action, (/) - cycle Dir - look around, f - activate You grow a pair of large bovine horns.
Your feet morph into talons.
Sigmund points at you and mumbles some strange words.
You are confused.
You bump into the rock wall.
Your transformation is almost over.
Sigmund closely misses you.
An endoplasm comes into view.
Sigmund hits you with a +0 scythe! Sigmund closely misses you.
You bump into the rock wall.
Sigmund barely misses you.
You bump into the rock wall.
You feel less confused.
Sigmund hits you from afar with a +0 scythe.
Sigmund gestures at you while chanting. The magic dart hits you.
You barely miss Sigmund. Sigmund hits you with a +0 scythe!
You closely miss Sigmund. Your kick misses Sigmund. You tail-slap Sigmund.
Sigmund is lightly wounded.
Sigmund points at you and mumbles some strange words.
You are confused.
You closely miss Sigmund. You claw Sigmund. Your headbutt misses Sigmund.
Sigmund is lightly wounded.
You bump into the rock wall.
Sigmund gestures wildly while chanting.
Sigmund flickers and vanishes!
Deactivating autopickup; reactivate with Ctrl-A.
Something hits you!
* * * LOW HITPOINT WARNING * * *
Your horns disappear.
Your talons disappear.
Something hits you!
You die...

...#.#.......#............
#...........##...........<
...#.#.#....##......[.....
.#.....####...)...........
###.#### #...#...........
#. .. #...##..........
...##...###.###.####
........##..# #
....#...##@## ...........#
....#...{### ...##...J.#
... ###..... .. #.#.#...
#......... ..#.#@....
#.........


You could see an endoplasm.

Vanquished Creatures
  Jessica (D:2)
  An adder (D:2)
  A dart slug (D:1)
  5 ball pythons
  A bat (D:1)
  5 endoplasms
  3 giant cockroaches (D:1)
  5 hobgoblins
  3 jackals (D:1)
  3 kobolds (D:1)
  A quokka (D:1)
  5 frilled lizards
  A goblin (D:1)
  5 rats
40 creatures vanquished.

Notes
Turn   | Place    | Note
-------+----------+-------------------------------------------
     0 | D:1      | Smaepdii the Draconian Transmuter began the quest for the
                  | Orb.
     0 | D:1      | Reached XP level 1. HP: 16/16 MP: 3/3
   227 | D:1      | Reached XP level 2. HP: 22/23 MP: 5/5
   911 | D:1      | Reached XP level 3. HP: 27/29 MP: 4/6
  1390 | D:2      | Found a faded altar of an unknown god.
  1413 | D:2      | Noticed Jessica
  1425 | D:2      | Killed Jessica
  1426 | D:2      | Reached XP level 4. HP: 29/36 MP: 4/7
  1490 | D:2      | Noticed Sigmund
  1530 | D:2      | Mangled by Sigmund

Illustrated notes

Levels and vault maps discovered:
D:1:      matt_arrival_spirals, layout_rooms, hangedman_decor_growths
D:2:      layout_rooms, dilly_ecumenical_altar_fadedgnrine, serial_glass,
          glass_columns_a, glass_columns_b, glass_columns_a, glass_columns_a,
          minmay_surrounded, uniq_jessica, uniq_sigmund

Skill      XL: |  1  2  3 |
---------------+----------+-----
Dodging        | 2 |  2.3
Fighting       | 2 |  2.2
Unarmed Combat | |  3.9
Spellcasting   | |  2.0
Transmutations | |  2.6

Action                   |  1- 3 |  4- 6 || total
-------------------------+-------+-------++-------
Melee: Unarmed           |   102 |     3 ||   105
       Headbutt          |    14 |       ||    14
       Kick              |    20 |     1 ||    21
       Punch             |     1 |       ||     1
       Tailslap          |     5 |     1 ||     6
 Cast: Beastly Appendage |    16 |     1 ||    17
Armor: Skin              |    24 |       ||    24
Dodge: Dodged            |    61 |     3 ||    64
